 Dungeon Crawl Stone Soup version 0.25-a0-737-g26c3a87c45 (webtiles) character file.

Game seed: 7798703548413514066, levelgen mode: deterministic

12456 wvc the Spear-Bearer (level 11, -18/99 HPs)
             Began as a Purple Draconian Monk on Apr 12, 2020.
             Was a High Priest of Okawaru.
             Hit by a silver javelin thrown by a minotaur (24 damage)
             ... in a Gauntlet.
             The game lasted 00:32:47 (14101 turns).

wvc the Spear-Bearer (Purple Draconian Monk)       Turns: 14101, Time: 00:32:47

Health: -18/99     AC: 19    Str: 14    XL:     11   Next: 62%
Magic:  12/12      EV: 18    Int: 10    God:    Okawaru [*****.]
Gold:   635        SH:  0    Dex: 17    Spells: 10/10 levels left

rFire    + . .     SeeInvis .   i - +3 trident (protect)
rCold    . . .     Gourm    .   (no shield)
rNeg     . . .     Faith    +   (armour unavailable)
rPois    .         Spirit   .   (helmet restricted)
rElec    .         Reflect  .   a - +1 cloak (curse)
rCorr    .         Harm     .   (no gloves)
MR       +....     NoTele   +   (no boots)
Stlth    ++........             r - amulet of faith
HPRegen  0.26/turn              k - ring of protection from fire
MPRegen  0.13/turn              g - +3 ring of protection

@: protection aura
A: breathe power, unfitting armour, cold-blooded, AC +7
a: Breathe Dispelling Energy, Heroism, Finesse, Renounce Religion


You were in a Gauntlet.
You worshipped Okawaru.
Okawaru was extremely pleased with you.
You were hungry.

You visited 3 branches of the dungeon, and saw 13 of its levels.
You also visited: Gauntlet.

You collected 635 gold pieces.

Inventory:

Hand Weapons
 i - a +3 trident of protection (weapon)
 x - a +5 halberd
Missiles
 h - 2 curare-tipped darts (quivered)
 j - 53 poisoned darts
Armour
 a - a cursed +1 cloak (worn)
Magical Staves
 w - an uncursed staff of death {unknown}
Jewellery
 g - a +3 ring of protection (right hand)
 k - a ring of protection from fire (left hand)
 r - an amulet of faith (around neck)
 t - a +3 amulet of reflection
 v - an uncursed ring of magical power
 z - an uncursed ring of protection from magic {unknown}
Wands
 c - a wand of random effects (36)
 l - a wand of acid (13)
 n - a wand of digging (4)
 o - a wand of paralysis (12)
 s - a wand of flame (20)
Scrolls
 p - 2 scrolls of teleportation
 y - a scroll of enchant armour
Potions
 d - 3 potions of flight
 e - 2 potions of ambrosia
 f - a potion of magic
 m - a potion of lignification {unknown}
 q - a potion of berserk rage {unknown}
 A - a potion of mutation {unknown}
Miscellaneous
 u - a box of beasts
Comestibles
 b - 22 rations


   Skills:
 + Level 10.1 Fighting
 - Level 14.0 Polearms
 + Level 8.2 Dodging
 - Level 1.7 Stealth
 + Level 2.1 Invocations


You had 10 spell levels left.
You didn't know any spells.
Your spell library was empty.

Dungeon Overview and Level Annotations

Branches:
Dungeon (10/15)            Temple (1/1) D:7            Lair (2/6) D:8
Gauntlet (1/1)
  Swamp: Lair:2-4    Shoals: Lair:2-4     Snake: Lair:2-4    Spider: Lair:2-4
    Orc: D:9-12

Altars:
Ashenzari
Cheibriados
Dithmenos
Elyvilon
Fedhas
Gozag
Hepliaklqana
Kikubaaqudgha
Makhleb
Nemelex Xobeh
Okawaru
Qazlal
Ru
Sif Muna
Trog
Uskayaw
Vehumet
Wu Jian
Xom
Yredelemnul
Zin
The Shining One
Beogh

Shops:
D:8 %

Annotations:
D:6 3 runed translucent doors, Grendash's ghost, novice GrFi
D:10 exclusion: gargoyle
Lair:1 exclusion: oklob plant, Urug Gauntlet 6 transporters, 3 runed translucent doors


Innate Abilities, Weirdness & Mutations

You can breathe bolts of dispelling energy.
Your rich purple scales are hard. (AC +7)
You cannot fit into any form of body armour.
You are cold-blooded and may be slowed by cold attacks.


Message History

The minotaur is severely wounded.
The minotaur hits you with the +5 broad axe "Haleevap" {speed, rC+ rN++}!!
The minotaur completely misses you.
You hit the minotaur but do no damage.
You tail-slap the minotaur, but do no damage.
The minotaur is severely wounded.
You hit the minotaur but do no damage.
The minotaur is severely wounded.
You feel like a meek peon again.
The minotaur hits you with the +5 broad axe "Haleevap" {speed, rC+ rN++}!
The minotaur barely misses you.
You are too injured to fight recklessly!
You are too injured to fight recklessly!
The minotaur throws a silver javelin.
The silver javelin pierces through you!!
* * * LOW HITPOINT WARNING * * *
x2
There is an open door, spattered with blood here.
The minotaur throws a silver javelin.
The silver javelin pierces through you!!
You die...

###### #.8.#≈≈.#..###
#..... ....##≈.#(#.H.
##.##.###.8.###.#©#.©.
#8..........##..#.#...
.....#.#.8.#...#p####
#########.#.#...#.∩.#Y....
#8[8=8.8#...#.©.#...######
#∩((.H..'(###...#.8.....#.
#8[8)8.8#@..#.©.#...######
#########.#.#...#.∩.#...##
..#.#.8.#...###...
.........##..#G[#..
.##.###.8.###.#u?#©# #.
........##≈.#u#..# # ####
8.#≈≈.#.#... ##≈.#..##.
##.######


You could see a minotaur.

Vanquished Creatures
  A hydra (Lair:1)
  2 two-headed ogres
  2 death yaks (Gauntlet)
  A salamander (shapeshifter) (Gauntlet)
  Maurice (D:8)
  A torpor snail (Gauntlet)
  2 black mambas (Lair:1)
  4 spiny frogs (Lair:1)
  A komodo dragon (Lair:1)
  A queen bee (D:8)
  A hippogriff (D:7)
  Sigmund (D:5)
  Grum (Lair:1)
  6 vampire mosquitoes (Lair:1)
  An insubstantial wisp (Lair:1)
  2 porcupines (Lair:1)
  2 ice beasts
  A phantom (D:6)
  2 sky beasts
  An orc warrior (D:6)
  An eye of draining (D:8)
  4 ogres
  A necrophage (D:8)
  6 wolves
  3 crocodiles (Lair:1)
  7 bullfrogs
  16 killer bees
  3 scorpions
  A howler monkey (D:3)
  6 crimson imps
  A bullfrog zombie (D:7)
  A bullfrog skeleton (D:2)
  4 orc priests
  Crazy Yiuf (D:7)
  A gnoll shaman (D:7)
  4 hounds
  3 jellies
  6 orc wizards
  3 centaur skeletons
  An iguana (D:6)
  7 worker ants
  A hound skeleton (D:4)
  12 adders
  7 gnolls
  A howler monkey skeleton (D:6)
  An adder skeleton (D:6)
  An adder zombie (D:8)
  3 worms
  3 dart slugs
  3 leopard geckos
  21 orcs
  3 ball pythons
  8 giant cockroaches
  11 goblins
  8 hobgoblins
  4 jackals (D:1)
  5 kobolds
  4 quokkas
  12 bats
  3 frilled lizards
  A leopard gecko skeleton (D:6)
  14 rats
  A plant (Lair:1)
241 creatures vanquished.

Vanquished Creatures (others)
  A demonic plant (Gauntlet)
  3 fungi (Lair:1)
  A plant (Lair:1)
5 creatures vanquished.

Grand Total: 246 creatures vanquished

Notes
Turn   | Place    | Note
-------+----------+-------------------------------------------
     0 | D:1      | wvc the Draconian Monk began the quest for the Orb.
     0 | D:1      | Reached XP level 1. HP: 19/19 MP: 1/1
   117 | D:1      | You fall into a shaft and drop 1 floor!
   206 | D:2      | Reached XP level 2. HP: 19/26 MP: 2/2
   341 | D:1      | Reached skill level 4 in Polearms
   639 | D:1      | Reached XP level 3. HP: 29/31 MP: 3/3
  1114 | D:2      | Reached skill level 5 in Polearms
  1114 | D:2      | Reached XP level 4. HP: 19/38 MP: 4/4
  2319 | D:2      | Reached XP level 5. HP: 45/45 MP: 5/5
  2613 | D:3      | Reached skill level 6 in Polearms
  3028 | D:3      | Found a stormy altar of Qazlal.
  3480 | D:4      | Reached skill level 7 in Polearms
  3480 | D:4      | Reached XP level 6. HP: 25/51 MP: 6/6
  4380 | D:4      | Noticed a sky beast
  4396 | D:4      | Killed a sky beast
  4396 | D:4      | Reached skill level 8 in Polearms
  4396 | D:4      | Your scales start taking on a rich purple colour.
  4396 | D:4      | Reached XP level 7. HP: 48/57 MP: 7/7
  4564 | D:5      | Entered Level 5 of the Dungeon
  4847 | D:5      | Noticed Sigmund
  5102 | D:5      | Killed Sigmund
  5102 | D:5      | Reached skill level 9 in Polearms
  5581 | D:6      | Reached XP level 8. HP: 57/63 MP: 8/8
  5626 | D:6      | Reached skill level 10 in Polearms
  5824 | D:6      | Found a glowing silver altar of Zin.
  6253 | D:6      | Found a runed translucent gate.
  6254 | D:6      | Found a runed translucent gate.
  6254 | D:6      | Found a runed translucent gate.
  6254 | D:6      | Identified the +3 chain mail "Kajaosch" {rF- Dex+5}
  6258 | D:6      | Found a roughly hewn altar of Beogh.
  6258 | D:6      | Noticed Grendash's ghost (novice GrFi)
  6259 | D:6      | Found the +0 pair of fencer's gloves {Riposte Dex+3}
  6319 | D:6      | Reached skill level 11 in Polearms
  6947 | D:7      | Noticed a hippogriff
  6967 | D:7      | Killed a hippogriff
  6967 | D:7      | Reached XP level 9. HP: 44/70 MP: 9/9
  7149 | D:7      | Found a staircase to the Ecumenical Temple.
  7162 | Temple   | Entered the Ecumenical Temple
  7254 | Temple   | Became a worshipper of Warmaster Okawaru
  7254 | Temple   | Reached * piety under Okawaru
  7254 | Temple   | Reached ** piety under Okawaru
  7267 | D:7      | Found a sparkling altar of Nemelex Xobeh.
  7278 | D:7      | Reached skill level 12 in Polearms
  7541 | D:7      | Found a runed translucent door.
  7542 | D:7      | Noticed Crazy Yiuf
  7552 | D:7      | Killed Crazy Yiuf
  7910 | D:8      | Found Jib Veor's Food Shop.
  7927 | D:8      | Noticed Maurice
  8080 | D:8      | Killed Maurice
  8080 | D:8      | Reached *** piety under Okawaru
  8104 | D:8      | Reached skill level 13 in Polearms
  8136 | D:8      | Found a radiant altar of Vehumet.
  8149 | D:8      | Noticed a queen bee
  9248 | D:8      | Reached **** piety under Okawaru
  9248 | D:8      | Reached skill level 14 in Polearms
  9372 | D:8      | Found a blossoming altar of Fedhas.
  9372 | D:8      | Found a snail-covered altar of Cheibriados.
  9418 | D:8      | Noticed a two-headed ogre
  9420 | D:8      | Found a staircase to the Lair.
  9464 | D:8      | Reached XP level 10. HP: 75/77 MP: 10/10
  9526 | D:8      | Killed a two-headed ogre
  9526 | D:8      | Reached ***** piety under Okawaru
  9526 | D:8      | Received a gift from Okawaru
  9729 | D:8      | Found a burning altar of Makhleb.
  9832 | D:9      | Reached skill level 5 in Fighting
  9842 | D:9      | Found a shattered altar of Ashenzari.
  9968 | D:9      | Noticed a two-headed ogre
 10074 | D:9      | Killed a two-headed ogre
 10074 | D:9      | Reached skill level 5 in Dodging
 10358 | D:10     | Entered Level 10 of the Dungeon
 10381 | D:10     | Noticed a gargoyle
 10458 | Lair:1   | Entered Level 1 of the Lair of Beasts
 10633 | Lair:1   | Noticed a black mamba
 10714 | Lair:1   | Noticed Grum
 10728 | Lair:1   | Killed a black mamba
 10749 | Lair:1   | Killed Grum
 11112 | Lair:1   | Reached skill level 1 in Invocations
 11125 | Lair:1   | Noticed a spiny frog
 11135 | Lair:1   | Killed a spiny frog
 11181 | Lair:1   | Noticed Urug
 11213 | Lair:1   | Noticed a five-headed hydra
 11517 | Lair:1   | Noticed a spiny frog
 11540 | Lair:1   | Killed a spiny frog
 11857 | Lair:1   | Noticed a spiny frog
 11871 | Lair:1   | Killed a spiny frog
 11871 | Lair:1   | Reached XP level 11. HP: 86/94 MP: 12/12
 11905 | Lair:1   | Noticed an oklob plant
 12381 | Lair:1   | Received a gift from Okawaru
 12901 | Lair:1   | Killed a five-headed hydra
 13110 | Lair:2   | Found a gate leading to a gauntlet.
 13117 | Gauntlet | Entered a Gauntlet
 13117 | Gauntlet | Found a transporter.
 13117 | Gauntlet | Found a runed translucent gate.
 13117 | Gauntlet | Found a transporter.
 13117 | Gauntlet | Found a runed translucent gate.
 13118 | Gauntlet | Found a runed translucent gate.
 13119 | Gauntlet | Found a transporter.
 13135 | Gauntlet | Found a transporter.
 13143 | Gauntlet | Found a transporter.
 13143 | Gauntlet | Noticed a sixfirhy
 13147 | Gauntlet | Found a transporter.
 13149 | Gauntlet | Noticed a glowing orange brain
 13151 | Gauntlet | Noticed a brown ugly thing
 13155 | Gauntlet | Found a transporter.
 13168 | Gauntlet | Noticed a necromancer
 13168 | Gauntlet | Noticed a death yak
 13168 | Gauntlet | Noticed a death yak
 13169 | Gauntlet | Noticed a purple ugly thing
 13171 | Gauntlet | Found a transporter.
 13173 | Gauntlet | Noticed a death yak
 13187 | Gauntlet | Found a transporter.
 13191 | Gauntlet | Found a transporter.
 13202 | Gauntlet | Found a transporter.
 13203 | Gauntlet | Found a transporter.
 13788 | Gauntlet | Killed a death yak
 13811 | Gauntlet | Killed a death yak
 13811 | Gauntlet | Reached skill level 10 in Fighting
 14078 | Gauntlet | Identified the +5 broad axe "Haleevap" {speed, rC+ rN++}
 14078 | Gauntlet | Noticed a minotaur
 14101 | Gauntlet | Hit by a silver javelin thrown by a minotaur

Levels and vault maps discovered:
D:1:      wheals_arrival_shading, layout_loops_ring
D:2:      layout_loops_ring, first_ration, lightli_corner_chamber
D:3:      layout_basic, nicolae_qazlal_general_emergency
D:4:      layout_rooms, kennysheep_generic_room_7
D:5:      layout_basic, uniq_sigmund
D:6:      layout_loops_cross, zin_treasury, biasface_ghost_orc_armoury
D:7:      layout_loops_ring, nemelex_xobeh_ov_fountains_minmay,
          minmay_temple_entry_glass, uniq_crazy_yiuf_cottage
D:8:      layout_cave_pools, grunt_temple_overflow_lords_of_destruction,
          gammafunk_temple_overflow_elements, dpeg_oklobed_lair, serial_shops,
          kennysheep_mini_moat, david_nohive_1, uniq_maurice
D:9:      layout_cave_pools, cheibrodos_ashenzari_chains,
          onia_ninara_dug_in_and_dangerous
D:10:     layout_loops_ring, basic_altar
Temple:   nicolae_temple_great_sept
Lair:1:   layout_loops_ring, grunt_forest_stairs_basic, minivault_23, pond,
          minmay_lair_oklob_chamber, serial_bayou_shore_b, lemuel_fruit_tree,
          uniq_urug, uniq_grum
Lair:2:   layout_gridlike, gauntlet_entry_generic, beast_lair_carwin_9,
          grunt_megastairs_1, infiniplex_staircase_pool_2
Gauntlet: minmay_gauntlet_77_indecision [minmay_gauntlet_arena_77_p_blocks,
          minmay_gauntlet_arena_77_run_for_it, minmay_gauntlet_arena_77_mirror,
          minmay_gauntlet_arena_77_two_paths, minmay_gauntlet_arena_77_box,
          minmay_gauntlet_arena_77_squiggly,
          nicolae_gauntlet_exit_dead_adventurers]

Skill      XL: |  1  2  3  4  5  6  7  8  9 10 11 |
---------------+----------------------------------+-----
Polearms       | 4 5 7 8 9 11 14 | 14.0
Dodging        | 3 6 8 |  8.2
Fighting       | 8 10 | 10.1
Invocations    | 1 2 |  2.1
Stealth        | |  1.7

Action                   |  1- 3 |  4- 6 |  7- 9 | 10-12 || total
-------------------------+-------+-------+-------+-------++-------
Melee: Spear             |   148 |    27 |       |       ||   175
       Tailslap          |    19 |    26 |    54 |    71 ||   170
       Trident           |       |   219 |   492 |   352 ||  1063
       Quarterstaff      |       |     2 |       |       ||     2
       Glaive            |       |       |       |     4 ||     4
       Punch             |       |       |       |     3 ||     3
Throw: Dart              |       |     1 |    16 |    23 ||    40
Invok: Heroism           |       |       |     1 |     7 ||     8
       Finesse           |       |       |       |     1 ||     1
 Abil: Breathe Dispellin |       |       |       |     1 ||     1
Evoke: Wand              |       |       |     2 |    12 ||    14
       Box of beasts     |       |       |       |     1 ||     1
  Use: Scroll            |       |    10 |     5 |     9 ||    24
       Potion            |       |     3 |     4 |     2 ||     9
 Stab: Sleeping          |     2 |    10 |     6 |     2 ||    20
       Distracted        |       |     1 |     1 |     1 ||     3
  Eat: Chunk             |       |     8 |     9 |     4 ||    21
       Ration            |       |     1 |     2 |     3 ||     6
Armor: Skin              |    43 |    44 |   107 |    56 ||   250
Dodge: Dodged            |    86 |   123 |   217 |   204 ||   630
Block: Other             |       |       |    10 |       ||    10

Table legend:
 A = Non-vault XP
 B = Vault XP
 C = Vault XP percentage of total XP
 D = Non-vault monster count
 E = Vault monster count
 F = Vault count percentage of total count
                 A         B        C        D         E       F
            +---------+---------+-------+---------+---------+-------
      Total |   10884 |    6911 |  38.8 |     200 |      40 |  16.7
            +---------+---------+-------+---------+---------+-------
        D:1 |      63 |       0 |   0.0 |      36 |       0 |   0.0
        D:2 |     140 |       0 |   0.0 |      24 |       0 |   0.0
        D:3 |     161 |       0 |   0.0 |      25 |       0 |   0.0
        D:4 |     373 |      33 |   8.1 |      12 |       1 |   7.7
        D:5 |     202 |     208 |  50.7 |       8 |       1 |  11.1
        D:6 |    1192 |       0 |   0.0 |      36 |       0 |   0.0
        D:7 |    1069 |     237 |  18.1 |      20 |       4 |  16.7
        D:8 |    1635 |    1618 |  49.7 |      17 |      16 |  48.5
        D:9 |    1461 |       0 |   0.0 |       7 |       0 |   0.0
     Lair:1 |    4588 |    1661 |  26.6 |      15 |      10 |  40.0
   Gauntlet |       0 |    3154 | 100.0 |       0 |       8 | 100.0
            +---------+---------+-------+---------+---------+-------
